 Dungeon Crawl Stone Soup version 0.19-a0-1170-g18f0c96 (webtiles) character file.

86494 jacquesderrida the Unseen (level 16, 79/104 HPs)
             Began as a Kobold Monk on Aug 17, 2016.
             Was a High Priest of Ashenzari.
             Quit the game on level 3 of the Elven Halls.
             The game lasted 01:32:22 (13026 turns).

jacquesderrida the Unseen (Kobold Monk)            Turns: 13026, Time: 01:32:23

Health: 79/104     AC: 13    Str: 11    XL:     16   Next: 34%
Magic:  23/23      EV: 26    Int: 12    God:    Ashenzari [*****.]
Gold:   499        SH:  0    Dex: 20    Spells: 2 memorised, 20 levels left

rFire  . . .     SeeInvis +     m - +4 demon blade (freeze) (curse)
rCold  . . .     Gourm    .     L - +0 mottled dragon armour
rNeg   . . .     Faith    .     (shield restricted)
rPois  .         Spirit   .     z - +1 helmet
rElec  .         Dismiss  .     (no cloak)
rCorr  .         Reflect  .     t - +1 pair of gloves {archery} (curse)
MR     +++..     Harm     .     f - +0 pair of boots
Stlth  +++++++... Clarity  +    u - amulet of regeneration
                                U - ring of protection from magic
                                i - ring of protection from magic

@: repel missiles, drained
A: iridescent scales 1, carnivore 3, wild magic 1
a: Curse Item, Scrying, Transfer Knowledge, Renounce Religion


You were on level 3 of the Elven Halls.
You worshipped Ashenzari.
Ashenzari was extremely pleased with you.
You were full.

You visited 4 branches of the dungeon, and saw 26 of its levels.
You also visited: Ice Cave.

You collected 1550 gold pieces.
You spent 1051 gold pieces at shops.

Inventory:

Hand Weapons
 m - a cursed +4 demon blade of freezing (weapon)
 G - a +1 double sword of slicing
Missiles
 F - 2 throwing nets (quivered)
Armour
 f - a +0 pair of boots (worn)
 t - a cursed +1 pair of gloves of archery (worn)
 z - a +1 helmet (worn)
 L - a +0 mottled dragon armour (worn)
 X - a +3 leather armour of poison resistance
Rods
 x - a +3 rod of inaccuracy (14/14)
   (You found it on level 6 of the Lair of Beasts)
Jewellery
 e - an uncursed ring of protection from cold
 i - a ring of protection from magic (left hand)
 u - an amulet of regeneration (around neck)
 v - an uncursed ring of wizardry
 A - an uncursed amulet of rage
 Q - an uncursed ring of protection from fire
 S - an uncursed ring of stealth
 U - a ring of protection from magic (right hand)
 V - an uncursed ring of resist corrosion
Wands
 l - a wand of iceblast (12/15)
 o - a wand of disintegration (4/24)
 E - a wand of acid (4/15)
 Z - a wand of hasting (5/9)
Scrolls
 a - 3 scrolls of magic mapping
 g - 3 scrolls of summoning
 j - 3 scrolls of teleportation
 k - 4 scrolls of fear
 n - 5 scrolls of blinking
 p - 2 scrolls of identify
 s - 3 scrolls of fog
 w - 2 scrolls of recharging
 I - a scroll of remove curse
 J - 3 scrolls of enchant armour
 O - a scroll of enchant weapon
 T - a scroll of immolation
Potions
 c - a potion of brilliance
 d - 6 potions of curing
 h - 2 potions of cancellation
 r - a potion of flight
 B - 3 potions of might
 H - a potion of berserk rage
 K - 2 potions of resistance
 M - 2 potions of haste
 R - 3 potions of heal wounds
 Y - a potion of magic
Books
 q - a book of Minor Magic

   Spells                             Type                      Level
   a - Magic Dart                     Conjuration                  1
   b - Blink                          Translocation                2
   c - Call Imp                       Summoning                    2
   d - Repel Missiles                 Charms/Air                   2
   e - Slow                           Hexes                        2
   f - Conjure Flame                  Conjuration/Fire             3
   g - Mephitic Cloud                 Conjuration/Poison/Air       3
 D - a book of Ice

   Spells                             Type                      Level
   a - Ice Form                       Ice/Transmutation            4
   b - Metabolic Englaciation         Hexes/Ice                    5
   c - Ozocubu's Refrigeration        Ice                          6
   d - Bolt of Cold                   Conjuration/Ice              6
   e - Freezing Cloud                 Conjuration/Ice/Air          6
   f - Simulacrum                     Ice/Necromancy               6
 N - a book of Unlife

   Spells                             Type                      Level
   a - Recall                         Summoning/Translocation      3
   b - Animate Dead                   Necromancy                   4
   c - Control Undead                 Necromancy                   4
   d - Cigotuvi's Embrace             Necromancy                   5
   e - Death Channel                  Necromancy                   6
   f - Simulacrum                     Ice/Necromancy               6
 W - a Fen Folio

   Spells                             Type                      Level
   a - Corpse Rot                     Necromancy                   2
   b - Stone Arrow                    Conjuration/Earth            3
   c - Leda's Liquefaction            Hexes/Earth                  4
   d - Summon Forest                  Summoning/Translocation      5
   e - Hydra Form                     Transmutation                6
   f - Summon Hydra                   Summoning                    7
Miscellaneous
 y - a disc of storms
 C - a phantom mirror
Comestibles
 b - 8 meat rations
 P - a beef jerky


   Skills:
 + Level 13.6(13.2) Fighting
 + Level 11.4(14.8) Long Blades
 + Level 15.0(14.7) Dodging
 + Level 15.3(15.0) Stealth
 - Level 6.7(6.4) Unarmed Combat
 - Level 4.7(4.4) Spellcasting
 + Level 5.0(4.7) Charms
 - Level 5.0(4.7) Translocations
 - Level 7.1(6.8) Evocations


You had 20 spell levels left.
You knew the following spells:

 Your Spells              Type           Power        Failure   Level  Hunger
m - Repel Missiles        Chrm/Air       ##....       28%         2    ##.....
B - Blink                 Tloc           N/A          14%         2    ##.....


Dungeon Overview and Level Annotations

Branches:
Dungeon (15/15)              Lair (6/6) D:10          Snake (0/4) Lair:4
  Slime (0/5) Lair:6          Orc (2/2) D:9             Elf (3/3) Orc:2
 Temple: D:4-7        Swamp: Lair:2-4    Shoals: Lair:2-4    Vaults: D:13-14
 Depths: D:15

Altars:
Ashenzari
Gozag
Hepliaklqana
Kikubaaqudgha
Makhleb
Okawaru
Sif Muna
Trog
Uskayaw
Xom
Beogh

Shops:
D:5 ?   D:7 ?   D:10 (   D:14 (   Orc:1 [   Orc:2 !!*[}

Portals:
Pandemonium: Orc:2
Trove: Elf:3 (give horn of Geryon)

Annotations:
D:3 Gagarin's ghost, amateur MfGl
D:11 4 runed doors
Lair:6 exclusion: oklob plant
Elf:2 Jorgrun
Elf:3 Saint Roka


Innate Abilities, Weirdness & Mutations

You are small and have problems with some larger weapons.
You are carnivorous and can eat meat at any time.
You are partially covered in iridescent scales. (AC +2)
Your spells are a little harder to cast, but a little more powerful.


Message History

The deep elf archer shoots an arrow.
The arrow misses you.
You climb downwards.
Level annotation: Saint Roka
Found a scroll of noise.
There is a stone staircase leading up here.
Found a +0 rapier.
d - 6 potions of curing (gained 1)
A deep elf mage comes into view. It is wielding a dagger.
Found 18 gold pieces.
A water elemental comes into view. 2 deep elf magi come into view.
The deep elf mage shouts!
The deep elf mage points at you and mumbles some strange words.
The bolt of lightning misses you.
You see here a potion of heal wounds.
R - 3 potions of heal wounds (gained 1)
The deep elf mage shouts!
Enter note:
Enter note: ay lmao Are you sure you want to abandon this character and quit the game? (Confirm with "yes".)

..........^..........##
.......##........E....#
###.##.............$..#
##...#.............e..#
......................#
.....................#*
....................#
##...#.............##
##.#####....###@###
##.## ###### #.# ##.##
..# ##.## #..#* ##.##
*....* ##.## #..ee*
#########.####.... *
....<..............*
?................ ,*


You could see a water elemental (wandering) and 3 deep elf magi.

Vanquished Creatures
  Agnes (D:15)
  A deep elf demonologist (Elf:3)
  Nessos (D:13)
  Snorg (Orc:2)
  Josephine (D:12)
  2 catoblepae (Lair:6)
  3 dancing weapons
  6 hydras
  A centaur warrior (D:14)
  2 tengu warriors (D:13)
  3 orc high priests (Orc:2)
  12 death yaks
  Urug (D:13)
  2 deep elf knights
  3 unseen horrors
  A gelid demonspawn (Orc:2)
  A torturous demonspawn (Orc:2)
  5 orc knights
  A deep troll (D:14)
  7 hill giants
  Pikel (D:8)
  A necromancer (IceCv)
  A swamp dragon (Lair:4)
  7 deep elf magi
  10 orc sorcerers
  8 cyclopes
  2 griffons
  A manticore (D:11)
  6 elephants
  A rust devil (Orc:2)
  2 black mambas (Lair:5)
  Psyche (D:12)
  An orange demon (Orc:2)
  2 gargoyles
  A spiny frog (Lair:2)
  A torpor snail (Lair:3)
  2 kobold demonologists (D:15)
  3 rime drakes
  5 komodo dragons
  A freezing wraith (D:13)
  4 ice devils (IceCv)
  A two-headed ogre (shapeshifter) (Elf:2)
  A meliai (D:13)
  A jumping spider (shapeshifter) (D:14)
  4 trolls
  5 polar bears
  4 two-headed ogres
  A blink frog (shapeshifter) (D:13)
  3 blink frogs (Lair:6)
  6 slime creatures (D:14)
  A boulder beetle (Lair:5)
  2 meliai zombies
  An air elemental (Elf:1)
  A vampire (D:13)
  A shadow (D:13)
  5 wraiths (D:12)
  31 yaks
  2 wyverns
  A chaos spawn (Orc:2)
  2 hippogriffs
  4 vampire mosquitoes
  2 hungry ghosts
  2 basilisks
  A neqoxec (Orc:2)
  A harpy simulacrum (D:15)
  2 steam dragons
  5 wargs
  A mottled dragon (D:12)
  14 water moccasins
  4 porcupines
  5 sky beasts
  A hornet simulacrum (D:15)
  A black bear (D:11)
  2 ice beasts (D:15)
  A slave (D:8)
  28 orc warriors
  5 phantoms
  2 necrophages
  10 ogres
  3 centaurs
  7 wolves
  13 crocodiles
  3 big kobolds
  15 giant frogs
  An earth elemental (Elf:3)
  4 scorpions
  8 killer bees
  16 wights
  7 crimson imps
  2 quasits
  2 giant frog zombies
  6 centaur zombies
  4 draconian simulacra (IceCv)
  5 hounds
  4 jellies
  22 orc priests
  4 centaur skeletons
  3 giant frog skeletons
  13 orc wizards
  9 iguanas
  10 worker ants
  A troll simulacrum (IceCv)
  14 sheep
  5 centaur simulacra
  A hound zombie (D:7)
  2 hound skeletons
  8 gnolls (D:9)
  35 river rats
  9 adders
  2 naga simulacra (IceCv)
  3 shadow imps
  13 white imps (D:15)
  An ufetubus (D:15)
  A worm (D:6)
  3 giant geckos
  58 orcs
  3 bats
  2 giant cockroaches
  A goblin (D:2)
  A hobgoblin (D:3)
  12 jackals
  4 quokkas
  A ball python (D:6)
  A giant gecko skeleton (D:8)
  2 giant newts
  A jackal zombie (D:5)
  15 kobolds
  4 rats
644 creatures vanquished.

Vanquished Creatures (collateral kills)
  A catoblepas (Lair:6)
  2 death yaks (Lair:6)
  3 elephants (Lair:6)
  2 spiny frogs (Lair:6)
  A water moccasin (Lair:6)
  A crocodile (Lair:6)
  A fungus (Lair:6)
11 creatures vanquished.

Vanquished Creatures (others)
  An orc (Elf:3)
  13 fungi
  10 plants
24 creatures vanquished.

Grand Total: 679 creatures vanquished

Notes
Turn   | Place    | Note
-------+----------+-------------------------------------------
     0 | D:1      | jacquesderrida the Kobold Monk began the quest for the Orb.
     0 | D:1      | Reached XP level 1. HP: 14/14 MP: 1/1
   385 | D:1      | Reached XP level 2. HP: 10/19 MP: 2/2
   500 | D:3      | Noticed Gagarin's ghost (amateur MfGl)
   670 | D:3      | Reached XP level 3. HP: 23/23 MP: 3/3
   703 | D:2      | Found a shimmering altar of Xom.
   703 | D:2      | Found an opulent altar of Gozag.
   899 | D:3      | Reached XP level 4. HP: 8/28 MP: 4/4
   989 | D:4      | Noticed a phantom
   997 | D:4      | Got a translucent long sword
   998 | D:4      | Identified the +5 long sword of Tynel {drain, +Inv rPois rF+ Dex+4} (You found it on level 4 of the Dungeon)
  1016 | D:4      | Killed a phantom
  1016 | D:4      | Reached skill level 5 in Dodging
  1016 | D:4      | Reached XP level 5. HP: 17/32 MP: 5/5
  1049 | D:5      | Entered Level 5 of the Dungeon
  1049 | D:5      | Found a hide-covered altar of Uskayaw.
  1056 | D:5      | Reached skill level 5 in Unarmed Combat
  1056 | D:5      | Reached XP level 6. HP: 25/37 MP: 6/6
  1097 | D:5      | Found Carreje's Magic Scroll Emporium.
  1101 | D:5      | Bought a scroll of blinking for 82 gold pieces
  1236 | D:6      | Noticed an ogre
  1238 | D:6      | Killed an ogre
  1238 | D:6      | Reached XP level 7. HP: 42/42 MP: 7/7
  1321 | D:6      | Noticed a water moccasin
  1357 | D:6      | Killed a water moccasin
  1392 | D:6      | Reached XP level 8. HP: 37/48 MP: 8/8
  1406 | D:6      | Reached skill level 5 in Fighting
  1548 | D:6      | Found a shattered altar of Ashenzari.
  1556 | D:6      | Became a worshipper of Ashenzari the Shackled
  1556 | D:6      | Reached * piety under Ashenzari
  1556 | D:6      | Reached ** piety under Ashenzari
  1592 | D:6      | Reached skill level 1 in Long Blades
  1713 | D:7      | Found Jestugg's Magic Scroll Boutique.
  1782 | D:7      | Got the uncursed leather armour of Pandemonium {MP+9 Str+10 Dex-3}
  1785 | D:7      | Reached XP level 9. HP: 48/56 MP: 9/9
  1796 | D:7      | Identified the +1 leather armour of Pandemonium {MP+9 Str+10 Dex-3} (You found it on level 7 of the Dungeon)
  1969 | D:8      | Noticed a hill giant
  1982 | D:8      | Killed a hill giant
  2136 | D:8      | Noticed Pikel
  2180 | D:8      | Killed Pikel
  2180 | D:8      | Reached skill level 5 in Stealth
  2448 | D:9      | Reached XP level 10. HP: 50/64 MP: 10/10
  2486 | D:9      | Found a burning altar of Makhleb.
  2499 | D:10     | Entered Level 10 of the Dungeon
  2539 | D:10     | Found a burning altar of Makhleb.
  2559 | D:10     | Reached skill level 10 in Dodging
  2663 | D:10     | Noticed a hill giant
  2690 | D:10     | Killed a hill giant
  2739 | D:10     | Found Postrifo's Weapon Boutique.
  2765 | D:10     | Noticed a hill giant
  2780 | D:10     | Killed a hill giant
  3063 | D:11     | Found a large runed door.
  3063 | D:11     | Found a large runed door.
  3072 | D:11     | Noticed an orc knight
  3073 | D:11     | Noticed an orc knight
  3076 | D:11     | Found a large runed door.
  3076 | D:11     | Found a large runed door.
  3099 | D:11     | Noticed a gargoyle
  3127 | D:11     | Reached skill level 5 in Long Blades
  3274 | D:11     | Noticed a manticore
  3280 | D:11     | Killed a manticore
  3280 | D:11     | Reached XP level 11. HP: 54/71 MP: 11/11
  3361 | D:12     | Reached *** piety under Ashenzari
  3389 | D:12     | Noticed an eight-headed hydra
  3411 | D:12     | Noticed an unseen horror
  3417 | D:12     | Killed an unseen horror
  3596 | D:7      | Bought a scroll of enchant armour for 120 gold pieces
  3848 | D:12     | Noticed Psyche
  3859 | D:12     | Killed Psyche
  4228 | D:9      | Reached skill level 10 in Fighting
  4485 | D:9      | Reached skill level 10 in Stealth
  4544 | D:9      | Found a staircase to the Orcish Mines.
  4587 | Orc:1    | Entered Level 1 of the Orcish Mines
  4587 | Orc:1    | Noticed a cyclops
  4587 | Orc:1    | Noticed an orc knight
  4611 | Orc:1    | Killed an orc knight
  4622 | Orc:1    | Killed a cyclops
  4627 | Orc:1    | Reached XP level 12. HP: 41/78 MP: 12/12
  4653 | Orc:2    | Entered Level 2 of the Orcish Mines
  4663 | Orc:2    | Noticed a sixfirhy
  4674 | Orc:2    | Found Husiss's Distillery.
  4674 | Orc:2    | Found Xiteotant's General Store.
  4674 | Orc:2    | Noticed Snorg
  4787 | Orc:2    | Found a staircase to the Elven Halls.
  4992 | Orc:1    | Found Qifussat's Armour Boutique.
  5371 | D:10     | Found a staircase to the Lair.
  5377 | Lair:1   | Entered Level 1 of the Lair of Beasts
  5489 | Lair:1   | Noticed a four-headed hydra
  5500 | Lair:1   | Killed a one-headed hydra
  5589 | Lair:1   | Reached **** piety under Ashenzari
  5831 | Lair:2   | Identified the +5 long sword "Lualiddoho" {slice, rElec rF++ MR- Stlth+}
  5888 | Lair:2   | Found a hazy altar of Hepliaklqana.
  5888 | Lair:2   | Noticed a death yak
  5888 | Lair:2   | Noticed a death yak
  5889 | Lair:2   | Noticed a death yak
  5890 | Lair:2   | Noticed a death yak
  5898 | Lair:3   | Noticed an eight-headed hydra
  5913 | Lair:3   | Killed a six-headed hydra
  6055 | Lair:3   | Reached XP level 13. HP: 69/84 MP: 13/13
  6103 | Lair:3   | Noticed an eight-headed hydra
  6116 | Lair:3   | HP: 1/84 [four-headed hydra (8)]
  6118 | Lair:3   | Noticed a four-headed hydra
  6118 | Lair:3   | Killed a three-headed hydra
  6216 | Lair:3   | Killed a one-headed hydra
  6498 | Lair:4   | Reached skill level 1 in Evocations
  6711 | Lair:4   | PRET
  6716 | Lair:4   | Found a staircase to the Snake Pit.
  6815 | Lair:5   | Identified the cursed +2 trident of False Accusations {drain, rElec rPois rN+ Stlth+}
  7141 | Lair:6   | Entered Level 6 of the Lair of Beasts
  7141 | Lair:6   | Noticed a six-headed hydra
  7194 | Lair:5   | Reached ***** piety under Ashenzari
  7497 | Lair:6   | Killed a two-headed hydra
  7525 | Lair:6   | Reached XP level 14. HP: 86/92 MP: 17/17
  7545 | Lair:6   | Reached skill level 10 in Long Blades
  7689 | Lair:6   | Reached skill level 5 in Evocations
  7930 | Lair:6   | Gained mutation: You are partially covered in iridescent scales. (AC +2) [potion of mutation]
  7930 | Lair:6   | Gained mutation: Potions and wands are less effective at restoring your health. [potion of mutation]
  7930 | Lair:6   | Gained mutation: Armour fits poorly on your strangely shaped body. [potion of mutation]
  8394 | Orc:2    | Killed Snorg
  8484 | Orc:2    | Gained mutation: Your body sometimes deteriorates upon taking damage. [a neqoxec]
  8587 | Orc:2    | Bought a scroll of identify for 24 gold pieces
  8589 | Orc:2    | Bought a potion of cure mutation for 300 gold pieces
  8589 | Orc:2    | Bought a potion of heal wounds for 60 gold pieces
  8589 | Orc:2    | Bought a potion of flight for 36 gold pieces
  8626 | Orc:2    | Found Laot's Gadget Shop.
  8626 | Orc:2    | Found a one-way gate leading to the halls of Pandemonium.
  8626 | Orc:2    | Found Ynlia's Antique Armour Boutique.
  8661 | Orc:2    | Lost mutation: Potions and wands are less effective at restoring your health. [potion of cure mutation]
  8661 | Orc:2    | Lost mutation: Armour fits poorly on your strangely shaped body. [potion of cure mutation]
  8661 | Orc:2    | Lost mutation: Your body sometimes deteriorates upon taking damage. [potion of cure mutation]
  8954 | Orc:2    | Reached XP level 15. HP: 90/98 MP: 20/20
  9122 | Orc:2    | Found Xamen's Distillery.
  9135 | Orc:2    | Bought a potion of might for 52 gold pieces
  9170 | Orc:2    | Found a roughly hewn altar of Beogh.
  9493 | D:7      | Bought a scroll of enchant weapon for 120 gold pieces
  9546 | D:7      | Found an ancient bone altar of Kikubaaqudgha.
  9547 | D:7      | Found an iron altar of Okawaru.
  9661 | D:5      | Bought a scroll of enchant weapon for 82 gold pieces
  9661 | D:5      | Bought a scroll of identify for 22 gold pieces
  9661 | D:5      | Bought a scroll of enchant armour for 82 gold pieces
  9661 | D:5      | Bought a scroll of remove curse for 33 gold pieces
  9661 | D:5      | Bought a scroll of fear for 38 gold pieces
  9766 | D:7      | Found a bloodstained altar of Trog.
  9766 | D:7      | Found a deep blue altar of Sif Muna.
  9804 | D:7      | Learned a level 2 spell: Blink
  9807 | D:7      | Learned a level 2 spell: Repel Missiles
  9982 | D:12     | Noticed Josephine
 10028 | D:12     | Killed Josephine
 10028 | D:12     | Reached skill level 1 in Spellcasting
 10028 | D:12     | Reached skill level 1 in Charms
 10028 | D:12     | Reached skill level 1 in Translocations
 10096 | D:13     | Noticed Urug
 10104 | D:13     | Killed Urug
 10274 | D:13     | Noticed Nessos
 10299 | D:13     | Killed Nessos
 10771 | D:14     | Found Azusash's Antique Weapon Shop.
 11002 | D:15     | Entered Level 15 of the Dungeon
 11003 | D:15     | Noticed Agnes
 11024 | D:15     | Killed Agnes
 11135 | D:15     | Found a frozen archway.
 11210 | IceCv    | Entered an ice cave
 11287 | IceCv    | Reached skill level 5 in Translocations
 11914 | D:15     | Reached XP level 16. HP: 102/104 MP: 23/23
 12032 | D:15     | Reached skill level 15 in Stealth
 12483 | Elf:1    | Entered Level 1 of the Elven Halls
 12495 | Elf:1    | Gained mutation: Your spells are a little harder to cast, but a little more powerful. [potion of beneficial mutation]
 12758 | Elf:3    | Entered Level 3 of the Elven Halls
 12821 | Elf:3    | Reached skill level 15 in Dodging
 12854 | Elf:3    | Noticed Saint Roka
 12856 | Elf:3    | Identified the ring "Plog" {Fire Stlth+}
 12856 | Elf:3    | Identified the +9 demon trident of Classification {freeze, rElec Str+5}
 12856 | Elf:3    | Noticed a deep elf sorcerer
 12903 | Elf:3    | Found a portal to a secret trove of treasure.
 12920 | Elf:2    | Noticed Jorgrun
 12932 | Elf:2    | Reached skill level 5 in Charms
 13026 | Elf:3    | ay lmao
 13026 | Elf:3    | Quit the game

Vault maps used:
D:1:      onia_arrival_mini_maze, serial_bayou_crossing
D:2:      gammafunk_temple_overflow_elements, marbit_many_paths,
          kennysheep_generic_room_12
D:4:      nicolae_ru_great_annihilating_truth, first_bread
D:5:      overflow_temple_1_default, serial_shops, shop
D:6:      kennysheep_mini, minmay_bent
D:7:      gammafunk_temple_overflow_wave, minitemple, serial_shops, shop,
          basic_altar
D:8:      uniq_pikel
D:9:      kennysheep_mini_moat, minmay_orc_entry_guard_dogs
D:10:     lair_0_dummy, serial_shops, shop_fountains, basic_altar
D:11:     hangedman_fish_farm, minmay_hollow_rounded_squares
D:12:     uniq_psyche, uniq_josephine
D:13:     uniq_urug, uniq_nessos
D:14:     hangedman_arrow_trap, lightli_vaults_fourway_checkpoint, serial_shops,
          nicolae_shop_crystal, minivault_11
D:15:     grunt_enter_depths_hoard, minivault_26, serial_ice, serial_ice_g,
          serial_ice_i, serial_ice_c, serial_ice_o, serial_ice_n, serial_ice_a,
          serial_ice_b, serial_ice_h, portal_ice_cave_entry_imps,
          minmay_misc_feat_x, dk_noncrumbling_4, uniq_agnes
Lair:1:   grunt_megastairs_2
Lair:2:   basic_altar, serial_bayou_shore_b
Lair:3:   lemuel_fruit_tree
Lair:4:   minmay_swamp_entry_reptiles, guppyfry_snake_entry_island,
          nicolae_quartered_pool_super
Lair:5:   infiniplex_staircase_pool_2
Lair:6:   evilmike_catoblepas_cave, minmay_slime_entry_oklob_open
Orc:1:    serial_shops, nicolae_shop_stone
Orc:2:    pf_orc_diabolical, basic_altar, serial_shops, shop, uniq_snorg
Elf:1:    eino_elf_arrival_sip, minmay_elf_demonology, uniq_frances
Elf:2:    small_statue_intersection, minmay_checkered_concentric_circles,
          uniq_jorgrun, uniq_aizul
Elf:3:    minmay_elf_hall_spiked, nicolae_trove_entry_crossroad, minivault_19,
          uniq_saint_roka
IceCv:    ice_cave_tombish

Skill      XL: |  1  2  3  4  5  6  7  8  9 10 11 12 13 14 15 16 |
---------------+-------------------------------------------------+-----
Dodging        | 4 5 6 7 8 9 10 12 13 14 15 | 15.0
Unarmed Combat | 4 5 6 |  6.7
Fighting       | 4 6 7 9 10 11 12 13 | 13.6
Long Blades    | 1 3 5 6 8 9 11 | 11.4
Stealth        | 5 8 10 12 13 14 15 | 15.3
Evocations     | 4 6 7 |  7.1
Spellcasting   | 4 |  4.7
Charms         | 4 5 |  5.0
Translocations | 5 |  5.0

Action                   |  1- 3 |  4- 6 |  7- 9 | 10-12 | 13-15 | 16-18 || total
-------------------------+-------+-------+-------+-------+-------+-------++-------
Melee: Unarmed           |    86 |       |       |       |       |       ||    86
       Punch             |     2 |     1 |     8 |    24 |    77 |     6 ||   118
       Long sword        |       |    51 |   216 |   212 |       |       ||   479
       Scimitar          |       |       |       |   642 |  1078 |       ||  1720
       Demon blade       |       |       |       |       |   691 |   214 ||   905
Throw: Throwing net      |       |       |     1 |       |     1 |       ||     2
 Cast: Repel Missiles    |       |       |       |       |     1 |       ||     1
Invok: Curse Item        |       |       |     1 |     1 |     2 |       ||     4
       Scrying           |       |       |       |     4 |     8 |     3 ||    15
 Abil: Evoke Invisibilit |       |       |     1 |       |       |       ||     1
Evoke: Wand              |       |       |     3 |    10 |    13 |     1 ||    27
       Sack of spiders   |       |       |       |       |    18 |       ||    18
  Use: Scroll            |       |     6 |     1 |    16 |    15 |     1 ||    39
       Potion            |       |       |     1 |     3 |     9 |     2 ||    15
 Stab: Sleeping          |       |     3 |     6 |    33 |    40 |     9 ||    91
       Held in net/web   |       |       |     1 |       |     3 |       ||     4
       Invisible         |       |       |     3 |       |     1 |       ||     4
       Distracted        |       |       |       |     3 |    15 |     2 ||    20
       Confused          |       |       |       |       |     2 |       ||     2
  Eat: Chunk             |       |     1 |    13 |    16 |    22 |       ||    52
       Pizza             |       |       |       |       |     1 |     2 ||     3
Armor: Leather armour    |    23 |     8 |    22 |    18 |       |       ||    71
       Robe              |     1 |       |       |       |       |       ||     1
       Mottled dragon ar |       |       |       |    60 |   156 |    27 ||   243
Dodge: Dodged            |    76 |    38 |   163 |   666 |   989 |   111 ||  2043
       Deflected         |       |       |       |       |       |     2 ||     2
